 Dungeon Crawl Stone Soup version 0.19.1-1-g22dce08 (webtiles) character file.

42 peterr the Grave Robber (level 3, -1/27 HPs)
             Began as a Hill Orc Necromancer on Dec 29, 2016.
             Shot with an arrow by a centaur (9 damage)
             ... on level 3 of the Dungeon.
             The game lasted 00:11:24 (1083 turns).

peterr the Grave Robber (Hill Orc Necromancer)      Turns: 1083, Time: 00:11:24

Health: -1/27      AC: 10    Str: 11    XL:     3   Next: 54%
Magic:  5/5        EV:  2    Int: 15    God:
Gold:   31         SH:  0    Dex: 11    Spells: 2 memorised, 3 levels left

rFire  . . .     SeeInvis .     d - +2 dagger (venom)
rCold  . . .     Gourm    .     k - +0 plate armour
rNeg   . . .     Faith    .     (no shield)
rPois  .         Spirit   .     (no helmet)
rElec  .         Reflect  .     (no cloak)
rCorr  .         Harm     .     (no gloves)
MR     .....                    (no boots)
Stlth  ..........               (no amulet)
                                (no ring)
                                (no ring)

@: no status effects
A: no striking features
a: no special abilities


You were on level 3 of the Dungeon.
You were not hungry.

You visited 1 branch of the dungeon, and saw 3 of its levels.

You collected 31 gold pieces.

Inventory:

Hand Weapons
 c - a +0 club
 d - a +2 dagger of venom (weapon)
 e - a +0 whip
 f - a +0 dagger
 l - a +0 dagger
 m - a +0 dagger
 n - a +2 dagger of venom
 p - a +0 club
 s - a +0 hunting sling
 t - a +0 dagger
Missiles
 h - 19 bolts
 i - 3 stones (quivered)
 j - 5 javelins
Armour
 a - a +0 robe
 k - a +0 plate armour (worn)
 q - a +0 robe
Scrolls
 g - a scroll of teleportation
 o - a scroll of immolation {unknown}
Books
 b - a book of Necromancy

   Spells                             Type                      Level
   a - Pain                           Necromancy                   1
   b - Animate Skeleton               Necromancy                   1
   c - Vampiric Draining              Necromancy                   3
   d - Regeneration                   Charms/Necromancy            3
   e - Animate Dead                   Necromancy                   4
   f - Control Undead                 Necromancy                   4
Comestibles
 r - 2 meat rations


   Skills:
 + Level 0.5 Fighting
 + Level 0.8 Short Blades
 + Level 0.2 Armour
 + Level 2.0 Dodging
 + Level 1.7 Stealth
 + Level 1.6 Spellcasting
 + Level 4.5 Necromancy


You had 3 spell levels left.
You knew the following spells:

 Your Spells              Type           Power        Failure   Level  Hunger
a - Pain                  Necr           ##..         100%        1    ##.....
b - Animate Skeleton      Necr           N/A          100%        1    ##.....


Dungeon Overview and Level Annotations

Branches:
Dungeon (3/15)

Altars:


Message History

Found an escape hatch in the floor.
There is a stone staircase leading up here.
There is an escape hatch in the floor here.
You slide downwards.
The hatch slams shut behind you.
Found a meat ration.
Found a stone staircase leading down.
Found 13 gold pieces.
r - 2 meat rations (gained 1)
A rat comes into view.
A centaur comes into view.
The centaur shouts!
The centaur wields a shortbow.
The centaur shoots an arrow.
The arrow hits you! The rat barely misses you.
Found 15 bolts.
Found a stone staircase leading down.
You see here an arrow.
You hit the rat.
You kill the rat!
The centaur shoots an arrow.
The arrow hits you.
* * * LOW HITPOINT WARNING * * *
The centaur shoots an arrow.
The arrow hits you!
You die...

..# ..## .>## ..(.
#..####(.. ....
######...##.. .....
#........##.# .....
#.........#.#......
#...........#......
#........#.........
#.........(@.......
#.>......##...$....
#........##.#......
#........##...#####
#........###...
#........# .c.#
########## ....
....#


You could see a centaur.

Vanquished Creatures
  An adder (D:2)
  An ooze (D:1)
  4 bats (D:1)
  3 giant cockroaches (D:1)
  3 goblins (D:1)
  4 jackals (D:1)
  3 frilled lizards
  3 kobolds (D:1)
  5 rats
27 creatures vanquished.

Notes
Turn   | Place    | Note
-------+----------+-------------------------------------------
     0 | D:1      | peterr the Hill Orc Necromancer began the quest for the Orb.
     0 | D:1      | Reached XP level 1. HP: 14/14 MP: 3/3
   187 | D:1      | Reached XP level 2. HP: 14/20 MP: 4/4
   589 | D:1      | Reached XP level 3. HP: 14/26 MP: 5/5
   615 | D:1      | Learned a level 1 spell: Animate Skeleton
  1081 | D:3      | Noticed a centaur
  1083 | D:3      | Shot with an arrow by a centaur

Skill      XL: |  1  2 |
---------------+-------+-----
Dodging        | 2 |  2.0
Fighting       | |  0.5
Short Blades   | |  0.8
Armour         | |  0.2
Stealth        | |  1.7
Spellcasting   | |  1.6
Necromancy     | |  4.5

Action                   || total
-------------------------++-------
Melee: Dagger            ||    71
  Use: Scroll            ||     1
  Eat: Bread ration      ||     1
Armor: Robe              ||    10
       Plate armour      ||    11
Dodge: Dodged            ||    60
